 Dungeon Crawl Stone Soup version 0.31.0-12-g77e489cdc1 (webtiles) character file.

Game seed: 7554856131563608202

905 spaghetti the Grave Robber (level 8, -1/61 (62) HPs)
             Began as a Naga Necromancer on Mar 7, 2024.
             Slain by an orc warrior
             ... wielding a +0 trident
              (8 damage)
             ... on level 8 of the Dungeon.
             The game lasted 00:10:48 (7026 turns).

spaghetti the Grave Robber (Naga Necromancer)       Turns: 7026, Time: 00:10:48

HP:   -1/61 (62)    AC:  7    Str: 11    XL:     8   Next: 8%
MP:   10/16         EV: 15    Int: 17    God:
Gold: 160           SH:  0    Dex: 12    Spells: 9/18 levels left

rFire   . . .        (no weapon)
rCold   . . .        (no shield)
rNeg    . . .        a - +0 robe
rPois   +            (no helmet)
rElec   .            s - +0 cloak
rCorr   .            c - +2 pair of gloves
SInv    +            (no barding)
Will    +....        m - amulet of regeneration
Stlth   ++           d - +5 ring of evasion
HPRegen 1.10/turn    (no ring)
MPRegen 0.15/turn

%: no passive effects
@: short of breath, lightly drained, very slow
A: AC +2, large, see invisible, deformed body, poison resistance, slowness 2,
spit poison 1, naga tail 1
a: Spit Poison


You were on level 8 of the Dungeon.
You visited 2 branches of the dungeon, and saw 9 of its levels.

You collected 200 gold pieces.
You spent 40 gold pieces at shops.

Inventory:

Armour
 a - a +0 robe (worn)
 c - a +2 pair of gloves (worn)
 q - a +3 ring mail of positive energy
 s - a +0 cloak (worn)
Jewellery
 d - a +5 ring of evasion (left hand)
 j - a +6 ring of strength
 m - an amulet of regeneration (around neck)
Scrolls
 e - a scroll of identify
 g - a scroll of immolation
 i - a scroll of fog
 l - a scroll of enchant weapon
 n - a scroll of vulnerability
 o - a scroll of teleportation
 t - a scroll of amnesia
Potions
 b - a potion of magic
 h - a potion of haste
 k - 2 potions of degeneration
 r - a potion of cancellation
 u - a potion of enlightenment


   Skills:
 - Level 1.5 Dodging
 - Level 3.0 Stealth
 + Level 5.9 Spellcasting
 + Level 1.5 Summonings
 + Level 7.3 Necromancy


You had 9 spell levels left.
You knew the following spells:

 Your Spells              Type           Power      Damage    Failure   Level
a - Necrotise             Necr           100%       1d9       1%          1
b - Animate Dead          Necr           30%        N/A       6%          4
c - Martyr's Knell        Necr/Summ      20%        N/A       21%         4

Your spell library contained the following spells:

 Spells                   Type           Power      Damage    Failure   Level
 Vampiric Draining        Necr           30%        2d8       1%          3
 Curse of Agony           Necr           30%        N/A       17%         5


Dungeon Overview and Level Annotations

Branches:
Dungeon (8/15)             Temple (1/1) D:4
   Lair: D:8-11

Altars:
Ashenzari
Cheibriados
Dithmenos
Elyvilon
Hepliaklqana
Kikubaaqudgha
Makhleb
Qazlal
Ru
Sif Muna
Vehumet
Wu Jian
Xom
Zin

Shops:
D:1 (   D:2 [(*   D:3 :

Annotations:
D:6 1 runed translucent door, Crazy Yiuf


Innate Abilities, Weirdness & Mutations

Your serpentine skin is tough. (AC +2)
You have supernaturally acute eyesight. (SInv)
Armour fits poorly on your strangely shaped body.
Your system is resistant to poisons. (rPois)
You cover ground very slowly.
You can spit poison.
You have a snake-like lower body.


Message History

Your orc skeleton crumbles into dust!
Okay, then.
As you read the scroll of fear, it crumbles to dust.
You assume a fearsome visage.
The orc warrior looks frightened!
You swap places.
The orc warrior shouts!
Your orc priest skeleton crumbles into dust!
Okay, then.
Okay, then.
Aiming: Spit Poison (1% risk of failure)
Press: ? - help, Shift-Dir - straight line, f/p - orc warrior
Aim: an orc warrior, wielding a +0 trident and wearing a +0 chain mail (60% to hit)
The splash of poison hits the orc warrior but does no damage.
The orc warrior is poisoned.
Unknown command.
Okay, then.
As you read the scroll of torment, it crumbles to dust.
Your body is wracked with pain!
* * * LOW HITPOINT WARNING * * *
The orc warrior convulses!
As you read the scroll of torment, it crumbles to dust.
Your body is wracked with pain!
* * * LOW HITPOINT WARNING * * *
The orc warrior convulses!
You have got your breath back.
The orc warrior barely misses you.
Unknown command.
Aiming: Spit Poison (1% risk of failure)
Press: ? - help, Shift-Dir - straight line, f/p - orc warrior
Aim: an orc warrior, wielding a +0 trident and wearing a +0 chain mail (severely wounded, poisoned, 60% to hit)
The splash of poison misses the orc warrior.
The orc warrior hits you from afar with a +0 trident!
* * * LOW HITPOINT WARNING * * *
Unknown command.
Unknown command.
The orc warrior barely misses you.
You closely miss the orc warrior.
The orc warrior is severely wounded.
The orc warrior hits you with a +0 trident!
You die...

##.## ###.
##..###....## ##
#..###......## ##..#
.......# ##..##
#......## #...#
#.......## ##..##
#........#
#...#######.......# #
#...@o...##.).....###
######......).)>.##..
###########.#### #


You could see an orc warrior (poisoned).

Vanquished Creatures
  A black bear (D:6)
  A phantom (D:5)
  A bullfrog (D:6)
  A howler monkey (D:8)
  A bombardier beetle (D:6)
  2 orc priests (D:8)
  3 hounds
  A gnoll bouda (D:5)
  3 sleepcaps
  2 iguanas
  Ijyb (D:3)
  10 adders
  7 gnolls
  A white imp (D:6)
  4 ufetubi
  2 dart slugs
  14 orcs
  7 ball pythons
  6 endoplasms
  A giant cockroach (D:4)
  2 goblins
  7 hobgoblins
  7 jackals
  3 kobolds
  A quokka (D:4)
  3 bats
  2 frilled lizards
  A rat (D:2)
95 creatures vanquished.

Vanquished Creatures (collateral kills)
  An orc (D:8)
  A kobold (D:2)
  2 bats (D:2)
4 creatures vanquished.

Grand Total: 99 creatures vanquished

Notes
Turn   | Place    | Note
-------+----------+-------------------------------------------
     0 | D:1      | spaghetti the Naga Necromancer began the quest for the Orb.
     0 | D:1      | Reached XP level 1. HP: 15/15 MP: 3/3
   208 | D:1      | Found Ydwer's Antique Weapon Boutique.
   340 | D:1      | Reached XP level 2. HP: 22/22 MP: 3/5
  1366 | D:2      | Found Aqonotoa's Armour Emporium.
  1457 | D:2      | Reached XP level 3. HP: 13/28 MP: 1/7
  1650 | D:2      | Found Xobanafom's General Store.
  1659 | D:2      | Found Pelohoasai's Weapon Shop.
  1737 | D:2      | Bought a scroll of fear for 40 gold pieces
  2180 | D:3      | Reached XP level 4. HP: 30/36 MP: 3/8
  2366 | D:3      | Found a faded altar of an unknown god.
  2376 | D:3      | Found a radiant altar of Vehumet.
  2645 | D:3      | Reached skill level 5 in Necromancy
  2650 | D:3      | Learned a level 4 spell: Animate Dead
  3005 | D:3      | Noticed Ijyb
  3015 | D:3      | Killed Ijyb
  3016 | D:3      | Reached XP level 5. HP: 20/42 MP: 1/10
  3293 | D:3      | Found Oxey's Book Boutique.
  3588 | D:4      | Found a staircase to the Ecumenical Temple.
  4217 | D:5      | Entered Level 5 of the Dungeon
  4261 | Temple   | Entered the Ecumenical Temple
  4414 | D:5      | Reached XP level 6. HP: 49/49 MP: 9/12
  4461 | D:5      | Reached skill level 6 in Necromancy
  4740 | D:5      | Found a shimmering blue altar of Sif Muna.
  4746 | D:5      | Found a sacrificial altar of Ru.
  5067 | D:5      | Reached XP level 7. HP: 53/55 MP: 14/14
  5163 | D:6      | Reached skill level 5 in Spellcasting
  5487 | D:6      | Reached skill level 7 in Necromancy
  5620 | D:6      | Learned a level 4 spell: Martyr's Knell
  5748 | D:6      | Found a runed translucent door.
  5749 | D:6      | Noticed Crazy Yiuf
  6182 | D:6      | Noticed a nameless horror
  6520 | D:8      | Found a shadowy altar of Dithmenos.
  6655 | D:8      | Reached skill level 1 in Summonings
  6745 | D:8      | Reached XP level 8. HP: 52/59 MP: 9/16
  7002 | D:8      | HP: 2/61 [orc warrior/+0 trident (9)]
  7026 | D:8      | Slain by an orc warrior

Illustrated notes

Levels and vault maps discovered:
D:1:      minmay_arrival_up_and_down, layout_basic, serial_corexii_hall,
          chequers_hall_statues_corner_a, corexii_hall_statues_i, serial_shops,
          nicolae_shop_just_a_little_nook
D:2:      layout_basic, serial_shops, nicolae_shop_bloodbath_and_beyond,
          nicolae_shop_competitors_out_of_business, shop, grunt_decor_one_mirror
D:3:      layout_loops_corners, nicolae_vehumet_altar_sigil, serial_shops,
          nicolae_shop_back_alley_shop, ebering_ecumenical_altar_sacrificial,
          grunt_ministairs_9, uniq_ijyb
D:4:      layout_basic, minmay_temple_entry_overgrown
D:5:      layout_rooms, amethyst_overflow_temple_binary,
          kennysheep_decorative_pillar
D:6:      layout_basic, kennysheep_generic_room_16, uniq_crazy_yiuf_cottage
D:7:      layout_basic, grunt_temple_overflow_open,
          chequers_serial_rivers_large_a, minmay_checkerbox
D:8:      layout_cave_pods, marbit_many_paths, grunt_dithmenos_smoke
Temple:   nicolae_temple_ecumenical_triangle

Skill      XL: |  1  2  3  4  5  6  7 |
---------------+----------------------+-----
Spellcasting   | 3 4 5 |  5.9
Necromancy     | 5 6 7 |  7.3
Summonings     | 1 |  1.5
Dodging        | |  1.5
Stealth        | |  3.0

Action                     |  1- 3 |  4- 6 |  7- 9 || total
---------------------------+-------+-------+-------++-------
  Melee: Unarmed           |    53 |   296 |   227 ||   576
         Punch             |       |     2 |     3 ||     5
   Cast: Necrotise         |    49 |    73 |    54 ||   176
         Martyr's Knell    |       |       |    11 ||    11
Ability: Spit Poison       |     3 |     7 |     8 ||    18
  Evoke: Wand              |       |    11 |       ||    11
    Use: Potion            |     2 |     2 |       ||     4
         Scroll            |       |    13 |     4 ||    17
   Stab: Sleeping          |       |     1 |       ||     1
 Armour: Robe              |    31 |   256 |   186 ||   473
  Dodge: Dodged            |    53 |   378 |   234 ||   665
